 Dungeon Crawl Stone Soup version 0.22.1-2-g9c5b331383 (webtiles) character file.

2447 Peloso the Carver (level 9, -2/78 HPs)
             Began as a Minotaur Fighter on Nov 23, 2018.
             Was a Believer of Okawaru.
             Slain by a manticore (18 damage)
             ... on level 8 of the Dungeon.
             The game lasted 00:12:21 (6446 turns).

Peloso the Carver (Minotaur Fighter)                Turns: 6446, Time: 00:12:21

Health: -2/78      AC: 17    Str: 23    XL:     9   Next: 25%
Magic:  8/8        EV:  6    Int:  5    God:    Okawaru [**....]
Gold:   365        SH: 11    Dex: 11    Spells: 8/8 levels left

rFire    . . .     SeeInvis .   a - +0 long sword
rCold    . . .     Gourm    .   c - +0 shield
rNeg     . . .     Faith    .   m - +0 plate armour
rPois    .         Spirit   .   (helmet restricted)
rElec    .         Reflect  .   u - +0 cloak
rCorr    .         Harm     .   C - +0 pair of gloves
MR       .....                  x - +0 pair of boots
Stlth    ..........             (no amulet)
HPRegen  0.23/turn              (no ring)
MPRegen  0.11/turn              (no ring)

@: barbed spikes
A: retaliatory headbutt, horns 2
a: Heroism, Renounce Religion


You were on level 8 of the Dungeon.
You worshipped Okawaru.
Okawaru was pleased with you.
You were hungry.

You visited 2 branches of the dungeon, and saw 9 of its levels.

You collected 365 gold pieces.

Inventory:

Hand Weapons
 a - a +0 long sword (weapon)
 E - a +2 hand axe of flaming
Armour
 b - a +0 scale mail
 c - a +0 shield (worn)
 m - a +0 plate armour (worn)
 u - a +0 cloak (worn)
 x - a +0 pair of boots (worn)
 C - a +0 pair of gloves (worn)
Wands
 s - a wand of paralysis (17)
Scrolls
 e - 2 scrolls of remove curse
 h - 6 scrolls of identify
 i - 2 scrolls of enchant armour {unknown}
 j - 2 scrolls of magic mapping {unknown}
 o - 3 scrolls of fog {unknown}
 q - 2 scrolls of blinking {unknown}
 v - a scroll of silence {unknown}
 y - a scroll of amnesia {unknown}
 A - a scroll of fear {unknown}
 B - 3 scrolls of teleportation {unknown}
Potions
 d - a potion of might
 g - a potion of ambrosia
 k - a potion of resistance {unknown}
 l - 2 potions of curing
 n - a potion of agility
 p - a potion of heal wounds
 t - a potion of flight
 w - a potion of brilliance
 z - a potion of cancellation
 D - a potion of mutation
Comestibles
 f - 16 rations


   Skills:
 + Level 6.9 Fighting
 + Level 9.3 Long Blades
 + Level 8.2 Armour
 + Level 1.9 Dodging
 + Level 0.3 Stealth
 + Level 7.9 Shields


You had 8 spell levels left.
You didn't know any spells.
Your spell library was empty.

Dungeon Overview and Level Annotations

Branches:
Dungeon (8/15)             Temple (1/1) D:7
   Lair: D:8-11

Altars:
Cheibriados
Fedhas
Hepliaklqana
Kikubaaqudgha
Okawaru
Qazlal
Uskayaw
Yredelemnul


Innate Abilities, Weirdness & Mutations

You reflexively headbutt those who attack you in melee.
You have a pair of horns on your head.


Message History

The manticore bites you but does no damage.
The manticore claws you but does no damage. x2
The manticore bites you! You block the manticore's attack.
The manticore claws you.
Unknown command.
You completely miss the manticore.
The manticore is lightly wounded.
The manticore bites you!
* * * LOW HITPOINT WARNING * * *
The manticore barely misses you. The manticore closely misses you.
Unknown command.
You hit the manticore but do no damage. You headbutt the manticore.
The manticore is moderately wounded.
Unknown command.
You slash the manticore!
The manticore is heavily wounded.
You block the manticore's attack. x2
The manticore claws you but does no damage.
The manticore bites you!!
You die...

## #. .# #.## .# ..##
#### .# ##..# #..##
.###### #)..#
#...##H......
#...####...(@...#
####................>..
#..................####
##.##..........##.#.#
.......<......## .....
#####..........# .....#
#..........# .....#
#..##⌠.⌠##.# .....#
#..##...# .#


You could see a manticore.

Vanquished Creatures
  Sigmund (D:3)
  A yak (D:7)
  3 orc warriors
  2 ogres
  A sky beast (D:8)
  A centaur (D:5)
  5 bullfrogs
  A scorpion (D:4)
  A water moccasin skeleton (D:5)
  3 crimson imps
  6 bullfrog zombies
  2 centaur zombies (D:5)
  A jelly (D:6)
  5 orc priests
  3 orc wizards
  2 iguanas
  2 worker ants
  2 hound zombies (D:5)
  A hound skeleton (D:5)
  Robin (D:2)
  A howler monkey zombie (D:5)
  5 worker ant zombies (D:5)
  8 adders
  2 gnolls
  A howler monkey skeleton (D:5)
  3 adder zombies
  3 adder skeletons
  A worm (D:2)
  2 dart slugs
  4 leopard geckos
  25 orcs
  3 bats
  2 giant cockroaches
  21 goblins
  20 hobgoblins
  20 jackals
  6 kobolds
  A ball python zombie (D:5)
  5 frilled lizards
  A giant cockroach zombie (D:5)
  4 leopard gecko zombies (D:5)
  A quokka skeleton (D:5)
  A quokka zombie (D:5)
  2 rats
186 creatures vanquished.

Notes
Turn   | Place    | Note
-------+----------+-------------------------------------------
     0 | D:1      | Peloso the Minotaur Fighter began the quest for the Orb.
     0 | D:1      | Reached XP level 1. HP: 19/19 MP: 0/0
     2 | D:1      | Noticed a draconian
     4 | D:1      | Noticed a merfolk
     4 | D:1      | Noticed an ogre
     6 | D:1      | Noticed a spriggan
     6 | D:1      | Noticed a demigod
     8 | D:1      | Noticed a felid
     8 | D:1      | Noticed a tengu
    10 | D:1      | Noticed a dwarf
    10 | D:1      | Noticed a centaur
    12 | D:1      | Noticed a gargoyle
    14 | D:1      | Noticed a naga
    16 | D:1      | Noticed a vine stalker
    16 | D:1      | Noticed a formicid
    18 | D:1      | Noticed a troll
    18 | D:1      | Noticed a demonspawn
    20 | D:1      | Noticed a ghoul
    20 | D:1      | Noticed a halfling
    22 | D:1      | Noticed a human
    22 | D:1      | Noticed a vampire
    24 | D:1      | Noticed an elf
    26 | D:1      | Noticed an octopode
    26 | D:1      | Noticed a minotaur
   147 | D:1      | Reached XP level 2. HP: 24/27 MP: 1/1
   431 | D:1      | Reached XP level 3. HP: 33/33 MP: 2/2
   739 | D:2      | Reached skill level 3 in Long Blades
   769 | D:2      | Noticed Robin
   786 | D:2      | Reached XP level 4. HP: 35/40 MP: 3/3
   803 | D:2      | Killed Robin
  1190 | D:2      | Reached skill level 4 in Long Blades
  1352 | D:2      | Found a hazy altar of Hepliaklqana.
  1352 | D:2      | Found a stormy altar of Qazlal.
  1357 | D:2      | Found a basalt altar of Yredelemnul.
  1359 | D:2      | Found a snail-covered altar of Cheibriados.
  1360 | D:2      | Found a hide-covered altar of Uskayaw.
  1452 | D:2      | Found a blossoming altar of Fedhas.
  1453 | D:2      | Found an ancient bone altar of Kikubaaqudgha.
  1590 | D:3      | Reached XP level 5. HP: 34/47 MP: 4/4
  1657 | D:3      | Reached skill level 5 in Shields
  2168 | D:3      | Noticed Sigmund
  2188 | D:3      | Killed Sigmund
  2188 | D:3      | Reached skill level 5 in Fighting
  2188 | D:3      | Reached skill level 5 in Long Blades
  2188 | D:3      | Reached XP level 6. HP: 45/56 MP: 5/5
  2760 | D:4      | Reached skill level 5 in Armour
  2900 | D:4      | You fall through a shaft for 3 floors!
  2912 | D:7      | Reached skill level 6 in Long Blades
  2912 | D:7      | Reached skill level 1 in Dodging
  2912 | D:7      | Reached XP level 7. HP: 55/61 MP: 6/6
  3030 | D:7      | Found an iron altar of Okawaru.
  3039 | D:7      | Became a worshipper of Warmaster Okawaru
  3224 | D:5      | Entered Level 5 of the Dungeon
  3522 | D:5      | Reached skill level 7 in Long Blades
  3547 | D:5      | Reached * piety under Okawaru
  3609 | D:5      | Reached XP level 8. HP: 57/70 MP: 7/7
  3924 | D:5      | Reached skill level 8 in Long Blades
  5213 | D:6      | Reached ** piety under Okawaru
  5613 | D:7      | Found a staircase to the Ecumenical Temple.
  5620 | D:7      | Reached skill level 9 in Long Blades
  5627 | D:7      | Reached XP level 9. HP: 72/78 MP: 8/8
  5638 | Temple   | Entered the Ecumenical Temple
  6430 | D:8      | Noticed a manticore
  6446 | D:8      | Slain by a manticore

Skill      XL: |  1  2  3  4  5  6  7  8  9 |
---------------+----------------------------+-----
Shields        | 4 5 6 7 |  7.9
Fighting       | 4 5 6 |  6.9
Armour         | 4 5 7 8 |  8.2
Long Blades    | 3 4 5 6 7 9 |  9.3
Dodging        | 1 |  1.9
Stealth        | |  0.3

Action                   |  1- 3 |  4- 6 |  7- 9 || total
-------------------------+-------+-------+-------++-------
Melee: Long sword        |    79 |   169 |   407 ||   655
       Headbutt          |    11 |    22 |    91 ||   124
  Use: Potion            |       |     1 |     2 ||     3
       Scroll            |       |       |    12 ||    12
  Eat: Chunk             |       |     6 |    12 ||    18
Armor: Scale mail        |    26 |       |       ||    26
       Plate armour      |    33 |   103 |   209 ||   345
Dodge: Dodged            |    33 |    28 |    77 ||   138
Block: Shield            |    58 |    78 |   224 ||   360
       Rpst.: Long sword |    11 |     7 |    27 ||    45
